 Dungeon Sprint DCSS version 0.14-a0-3295-g3fd807f (webtiles) character file.

2041 BluebellGnoll the Unseen (level 9, -10/39 HPs)
             Began as a Spriggan Enchanter on Mar 14, 2014.
             Was the Champion of Vehumet.
             Killed from afar by an orc sorcerer (21 damage)
             ... with a bolt of fire
             ... while paralysed by an orc sorcerer
             ... in the Dungeon (Sprint VII: "The Pits").
             The game lasted 00:13:03 (985 turns).

BluebellGnoll the Unseen (Spriggan Enchanter)        Turns: 985, Time: 00:13:03

HP -10/39        AC  6     Str  4      XL: 9   Next:  4%
MP  24/29        EV  4     Int 19      God: Vehumet [******]
Gold 0           SH  0     Dex 17      Spells:  6 memorised,  8 levels left

rFire  . . .     SeeInvis +     r - +1,+2 dagger (venom) (curse)
rCold  . . .     Clarity  .     b - +1 robe
rNeg   . . .     Conserve .     (shield restricted)
rPois  .         rCorr    .     (helmet restricted)
rElec  .         rRot     .     (no cloak)
SustAb . .       Spirit   .     (gloves unavailable)
rMut   .         Warding  .     (boots unavailable)
Saprov . . .     NoTele   +     (no amulet)
MR     +....                    t - +3 ring of protection
                                a - +3 ring of evasion

@: paralysed, very quick, somewhat resistant to hostile enchantments,
extraordinarily stealthy
A: unfitting armour, see invisible, herbivore 3, speed 3, slow metabolism 2
a: Renounce Religion


You were in the Dungeon.
You worshipped Vehumet.
Vehumet was exalted by your worship.
You were not hungry.

You visited 1 branch

Inventory:

Hand weapons
 l - a +2,+2 dagger
 r - a cursed +1,+2 dagger of venom (weapon)
 u - a +2,+2 cutlass of venom
Armour
 b - a +1 robe (worn)
Scrolls
 k - a scroll of blinking
 m - 2 scrolls of vulnerability
 n - 3 scrolls of remove curse
 o - 5 scrolls of amnesia
 p - a scroll of summoning
Jewellery
 a - a +3 ring of evasion (left hand)
 t - a +3 ring of protection (right hand)
Potions
 e - a potion of porridge
 f - 3 potions of curing
 g - 4 potions of heal wounds
 h - 2 potions of haste
 i - 2 potions of magic
 j - 2 potions of berserk rage
 q - a potion of invisibility
 s - 2 potions of resistance
Magical staves
 v - an uncursed staff of energy


   Skills:
 - Level 1.1 Short Blades
 - Level 1.1 Throwing
 - Level 11.7 Dodging
 + Level 19.2 Stealth
 - Level 9.2 Spellcasting
 - Level 13.0 Hexes


You had 8 spell levels left.
You knew the following spells:

 Your Spells              Type           Power        Failure   Level  Hunger
a - Corona                Hex            ######.      1%          1    None
b - Ensorcelled Hibernat  Hex/Ice        ####..       1%          2    None
c - Confuse               Hex            ######..     1%          3    None
d - Sure Blade            Hex/Chrm       ####......   1%          2    None
e - Enslavement           Hex            ######..     1%          4    ###....
f - Invisibility          Hex            ######..     8%          6    ######.


Dungeon Overview and Level Annotations

Branches:
Dungeon (1/1)

Altars:
Ashenzari
Cheibriados
Dithmenos
Elyvilon
Fedhas
Kikubaaqudgha
Makhleb
Nemelex Xobeh
Okawaru
Sif Muna
Trog
Vehumet
Xom
Yredelemnul
Zin
The Shining One
Beogh
Jiyva
Lugonu


Innate Abilities, Weirdness & Mutations

You are tiny and cannot use many weapons and most armour.
You have supernaturally acute eyesight.
You are a herbivore.
You cover ground extremely quickly.
You need consume almost no food.


Message History

Aiming: Confuse
Press: ? - help, Shift-Dir - straight line, f - orc sorcerer
Aim: an orc sorcerer, wielding a dagger and wearing a glowing robe The orc sorcerer resists.
Casting: Confuse
Confirm with . or Enter, or press ? or * to list all spells.
Aiming: Confuse
Press: ? - help, Shift-Dir - straight line, f/p - orc sorcerer
Aim: an orc sorcerer, wielding a dagger and wearing a glowing robe The orc sorcerer resists.
The orc sorcerer casts a spell at you.
You suddenly lose the ability to move!
The orc sorcerer points at you and mumbles some strange words.
Helpless, you fail to dodge the bolt of fire.
Ouch! That really hurt!
* * * LOW HITPOINT WARNING * * *
The orc sorcerer points at you and mumbles some strange words.
The bolt of fire hits you!
Ouch! That really hurt!
You die...

...'................+
####......#..#......#
..##................#
..#####+#####''######
+###.......##''### ###
..##.......##...(##..+
..##.......##...##...#
####...<...##..##..%#
..##.......##..#@..##
..##.......##..'o.##
####.......##.##..#
..#############Jp.+
%########### ....#
(#..%.#..[[# J.#..#
%#....#..[[##.###..
.'....'...)### ##..
'#....#..))# ..


You could see a phantom, an orc sorcerer and a jelly.

Vanquished Creatures
  A shadow wraith (D)
  A cyclops (D)
  An elephant (D)
  A water elemental (D)
  3 wolves (D)
  A centaur (D)
  A crocodile (D)
  A scorpion (D)
  2 worker ants (D)
  A mummy (D)
  A green rat (D)
  3 giant mites (D)
  A worm (D)
  A giant gecko (D)
  An ooze (D)
  A goblin (D)
  A hobgoblin (D)
  2 jackals (D)
  A ball python (D)
  2 bats (D)
  A giant newt (D)
  A goblin skeleton (D)
  A rat (D)
  A rat skeleton (D)
31 creatures vanquished.

Notes
Turn   | Place    | Note
--------------------------------------------------------------
     0 | D        | BluebellGnoll, the Spriggan Enchanter, began the quest for the Orb.
     0 | D        | Reached XP level 1. HP: 9/9 MP: 4/4
    11 | D        | Reached skill level 4 in Stealth
    19 | D        | Found a shadowy altar of Dithmenos.
    19 | D        | Found a basalt altar of Yredelemnul.
    19 | D        | Found a deep blue altar of Sif Muna.
    19 | D        | Found a burning altar of Makhleb.
    19 | D        | Found a shimmering altar of Xom.
    19 | D        | Found an ancient bone altar of Kikubaaqudgha.
    19 | D        | Found a sparkling altar of Nemelex Xobeh.
    20 | D        | Found a glowing golden altar of the Shining One.
    20 | D        | Found a bloodstained altar of Trog.
    20 | D        | Found a shattered altar of Ashenzari.
    20 | D        | Found a white marble altar of Elyvilon.
    20 | D        | Found a snail-covered altar of Cheibriados.
    20 | D        | Found a blossoming altar of Fedhas.
    20 | D        | Found a radiant altar of Vehumet.
    20 | D        | Found a glowing silver altar of Zin.
    20 | D        | Found a corrupted altar of Lugonu.
    20 | D        | Found a viscous altar of Jiyva.
    20 | D        | Found a roughly hewn altar of Beogh.
    20 | D        | Found an iron altar of Okawaru.
    27 | D        | Became a worshipper of Vehumet
    62 | D        | Reached skill level 5 in Stealth
    67 | D        | Acquired Vehumet's first power
    67 | D        | Offered knowledge of Flame Tongue by Vehumet.
    72 | D        | Reached skill level 6 in Stealth
    74 | D        | Reached skill level 7 in Stealth
    74 | D        | Reached XP level 2. HP: 11/13 MP: 7/7
    78 | D        | Learned a level 2 spell: Ensorcelled Hibernation
   118 | D        | Noticed a worker ant
   121 | D        | Killed a worker ant
   121 | D        | Reached skill level 10 in Stealth
   121 | D        | Reached XP level 3. HP: 16/16 MP: 9/9
   131 | D        | Learned a level 3 spell: Confuse
   187 | D        | Acquired Vehumet's second power
   219 | D        | Learned a level 2 spell: Sure Blade
   225 | D        | Noticed a scorpion
   322 | D        | Killed a scorpion
   322 | D        | Offered knowledge of Magic Dart by Vehumet.
   322 | D        | Acquired Vehumet's third power
   322 | D        | Reached XP level 4. HP: 13/21 MP: 6/18
   403 | D        | Learned a level 4 spell: Enslavement
   449 | D        | Reached skill level 11 in Stealth
   450 | D        | Noticed a crocodile
   452 | D        | Killed a crocodile
   452 | D        | Reached skill level 14 in Stealth
   452 | D        | Reached XP level 5. HP: 19/24 MP: 21/21
   454 | D        | Noticed a worker ant
   454 | D        | Noticed a centaur
   478 | D        | Killed a centaur
   478 | D        | Offered knowledge of Searing Ray by Vehumet.
   478 | D        | Reached skill level 15 in Stealth
   480 | D        | Killed a worker ant
   480 | D        | Reached XP level 6. HP: 5/28 MP: 6/22
   583 | D        | Noticed a wolf
   583 | D        | Noticed a wolf
   583 | D        | Noticed a water elemental
   584 | D        | Noticed a wolf
   586 | D        | Killed a wolf
   588 | D        | Killed a wolf
   588 | D        | Reached XP level 7. HP: 22/32 MP: 22/24
   590 | D        | Killed a wolf
   595 | D        | Killed a water elemental
   706 | D        | Learned a level 6 spell: Invisibility
   731 | D        | Noticed a phantom
   731 | D        | Noticed a shadow wraith
   733 | D        | Noticed a cyclops
   825 | D        | Killed a shadow wraith
   825 | D        | Offered knowledge of Throw Icicle by Vehumet.
   825 | D        | Reached XP level 8. HP: 19/36 MP: 3/28
   969 | D        | Killed a cyclops
   969 | D        | Offered knowledge of Stone Arrow by Vehumet.
   969 | D        | Reached skill level 17 in Stealth
   973 | D        | Noticed an elephant
   974 | D        | Noticed a jelly
   974 | D        | Noticed an orc sorcerer
   977 | D        | Killed an elephant
   977 | D        | Reached skill level 19 in Stealth
   977 | D        | Reached XP level 9. HP: 33/39 MP: 29/29
   981 | D        | Paralysed by an orc sorcerer for 7 turns
   985 | D        | Killed from afar by an orc sorcerer

Action                   |  1- 3 |  4- 6 |  7- 9 || total
-------------------------+-------+-------+-------++-------
Melee: Dagger            |    27 |    16 |    19 ||    62
 Cast: Ensorcelled Hiber |     5 |     4 |     3 ||    12
       Confuse           |     3 |     5 |    13 ||    21
       Sure Blade        |     1 |       |     2 ||     3
  Use: Potion            |       |     1 |     1 ||     2
 Stab: Sleeping          |    10 |     5 |     5 ||    20
       Confused          |     2 |     1 |       ||     3
       Distracted        |       |     1 |       ||     1
